AoeStats
← Chlupinek
◆

Unknown

495582836Analyzed
4v4 RM · 2mo ago on Jul 28, 2026· 48m 1s· 8 players
Game mode
Random Map
Map size
Large (8 player)
Population
200
Speed
Normal
Resources
Standard
Victory
Conquest
Starting age
Dark Age
Ending age
Dark Age
RankedLock teamsTeams togetherTeam positionsShared explorationLock speedFull tech treeHidden civsTurbo modeCheats
Victory
Defeat
🇨🇿 Burgundians · Czechia
1422
+11
🇬🇧 Malians · United Kingdom
1391
+12
🇩🇪 Khmer · Germany
1306
+16
🇫🇷 Franks · France
1269
+18
🇹🇷 Hindustanis · Türkiye
1497
-23
🇪🇨 Slavs · Ecuador
1299
-14
🇺🇸 Bulgarians · United States
1241
-11
🇳🇴 Poles · Norway
1196
-9
Horagalles
1:14 Loom
1:38 Loom
10:26 Feudal Age
12:54 Man-at-Arms
13:47 Double-Bit Axe
17:59 Horse Collar
23:02 Castle Age
21:09 Fletching
21:41 Scale Barding Armor
21:49 Forging
23:16 Bloodlines
23:09 Light Cavalry
25:56 Iron Casting
28:03 Heavy Plow
28:13 Bow Saw
27:54 Gold Mining
27:55 Stone Mining
29:22 Wheelbarrow
30:01 Fortified Wall
33:52 Imperial Age
31:09 Town Watch
32:18 Hand Cart
32:25 Chain Barding Armor
35:51 Winged Hussar
37:11 Winged Hussar
38:55 Blast Furnace
Ronin
1:08 Loom
15:09 Feudal Age
15:42 Man-at-Arms
20:31 Double-Bit Axe
21:08 Fletching
27:13 Castle Age
28:08 Medium Warships
27:59 Bodkin Arrow
31:02 Horse Collar
32:50 Bow Saw
34:05 Fishing Lines
35:56 Wheelbarrow
37:33 Hand Cart
40:21 Imperial Age
38:20 Gold Mining
38:21 Stone Mining
38:59 Husbandry
39:10 Bloodlines
39:06 Scale Barding Armor
39:12 Forging
39:52 Chain Barding Armor
40:24 Heavy Camel Rider
41:17 Heavy Plow
42:34 Gold Shaft Mining
42:42 Plate Barding Armor
42:53 Iron Casting
43:56 Chemistry
43:34 Imperial Camel Rider
46:14 Blast Furnace
45:46 Conscription
45:24 Light Cavalry
46:05 Bracer
InGodWeTrust
12:36 Feudal Age
16:14 Castle Age
14:26 Double-Bit Axe
18:30 Wheelbarrow
18:16 Bow Saw
18:19 Fishing Lines
19:42 Gillnets
29:22 Imperial Age
27:10 Hand Cart
26:57 Scale Mail Armor
27:07 Forging
27:38 Gold Mining
29:09 Coinage
29:08 Chain Mail Armor
29:28 Iron Casting
30:21 Gold Shaft Mining
29:27 Pikeman
30:39 Plate Mail Armor
31:11 Blast Furnace
29:39 Onager
30:47 Siege Engineers
30:50 Capped Ram
31:09 Halberdier
31:55 Squires
31:56 Siege Ram
32:06 Man-at-Arms
33:24 Conscription
33:34 Detinets
33:08 Long Swordsman
33:59 Two-Handed Swordsman
35:58 Fletching
36:21 Druzhina
37:38 Loom
37:45 Champion
39:26 Siege Onager
41:24 Siege Onager
44:45 Two-Man Saw
43:56 Bodkin Arrow
FrozenFlame1973
7:11 Loom
11:30 Feudal Age
15:27 Castle Age
13:55 Double-Bit Axe
14:32 Horse Collar
16:50 Bow Saw
22:52 Wheelbarrow
24:02 Gold Mining
24:07 Stone Mining
25:38 Hand Cart
25:09 Town Watch
30:28 Imperial Age
29:04 Scale Mail Armor
29:15 Forging
29:32 Ballistics
29:23 Masonry
29:45 Pikeman
30:11 Gambesons
30:27 Squires
30:13 Arson
31:32 Gold Shaft Mining
31:16 Chain Mail Armor
31:37 Iron Casting
30:32 Onager
31:36 Siege Engineers
32:25 Conscription
32:35 Bagains
32:50 Capped Ram
35:00 Plate Mail Armor
34:26 Halberdier
40:07 Chemistry
39:39 Architecture
39:06 Murder Holes
39:02 Heated Shot
40:14 Blast Furnace
39:05 Fletching
46:33 Bodkin Arrow
46:39 Padded Archer Armor
46:55 Thumb Ring
47:44 Parthian Tactics
Patrick Timsit
7:18 Loom
14:10 Feudal Age
17:54 Castle Age
16:38 Double-Bit Axe
22:31 Wheelbarrow
25:33 Bow Saw
25:39 Fishing Lines
26:18 Hand Cart
32:35 Imperial Age
31:03 Scale Barding Armor
31:11 Forging
32:00 Husbandry
31:22 Light Cavalry
32:34 Chain Barding Armor
33:28 Iron Casting
32:44 Fletching
32:49 Cavalier
35:00 Plate Barding Armor
36:06 Paladin
40:34 Scale Mail Armor
41:34 Blast Furnace
43:02 Chain Mail Armor
45:40 Caravan
JimmyButler_AoE
1:00 Loom
14:56 Feudal Age
15:40 Double-Bit Axe
18:16 Fletching
18:25 Man-at-Arms
20:14 Horse Collar
30:25 Castle Age
33:34 Bodkin Arrow
Chlupinek
1:05 Loom
9:03 Double-Bit Axe
13:27 Feudal Age
14:46 Bow Saw
15:10 Fishing Lines
17:43 Castle Age
21:32 Two-Man Saw
20:34 Gillnets
22:45 Gold Mining
25:01 Wheelbarrow
29:07 Imperial Age
27:04 Hand Cart
27:36 Gold Shaft Mining
26:53 Stone Mining
27:09 Padded Archer Armor
27:31 Fletching
27:59 Scale Mail Armor
28:26 Bodkin Arrow
28:40 Burgundian Vineyards
28:07 Pikeman
29:21 Chain Mail Armor
29:08 Squires
28:54 Arson
30:04 Forging
31:00 Chemistry
29:22 Halberdier
30:24 Conscription
31:22 Plate Mail Armor
31:15 Horse Collar
32:39 Iron Casting
34:03 Bracer
34:26 Ballistics
35:33 Murder Holes
35:54 Leather Archer Armor
36:13 Heavy Plow
37:40 Masonry
39:09 Blast Furnace
37:50 Treadmill Crane
39:02 Caravan
39:56 Crop Rotation
40:44 Architecture
41:11 Coinage
40:52 Guilds
40:33 Town Watch
41:27 Scale Barding Armor
42:37 Chain Barding Armor
43:32 Husbandry
42:53 Light Cavalry
44:10 Plate Barding Armor
44:07 Banking
impirion
10:44 Feudal Age
12:04 Double-Bit Axe
12:03 Horse Collar
16:14 Castle Age
15:43 Loom
19:26 Bow Saw
22:23 Wheelbarrow
23:05 Heavy Plow
25:13 Town Watch
31:56 Imperial Age
30:46 Bloodlines
30:36 Husbandry
30:48 Scale Barding Armor
30:54 Forging
31:38 Hand Cart
32:07 Heavy Camel Rider
33:14 Chain Barding Armor
33:29 Iron Casting
32:22 Cavalier
35:09 Chemistry
34:41 Gold Mining
35:59 Farimba
36:19 Conscription
37:29 Plate Barding Armor
38:33 Gold Shaft Mining
37:49 Stone Mining
37:54 Light Cavalry
40:49 Caravan
45:42 Capped Ram
Connection lost

Rejoining the realm…

Still unreachable

The connection could not be restored.

Session expired

The server has moved on; the page needs a fresh start.